 Dungeon Crawl Stone Soup version 0.31-a0-1363-g282adc679d (webtiles) character file.

Game seed: 13651257071519201806

51498 James the Arsonist (level 14, -4/106 (109) HPs)
             Began as a Gnoll Wanderer on Dec 23, 2023.
             Was a High Priest of Sif Muna.
             Slain by a spectral dire elephant (14 damage)
             ... on level 5 of the Lair of Beasts.
             The game lasted 01:51:57 (26394 turns).

James the Arsonist (Gnoll Wanderer)                Turns: 26394, Time: 01:51:57

HP:   -4/106 (109)  AC: 13    Str: 13    XL:     14   Next: 59%
MP:   24/28         EV: 15    Int: 23    God:    Sif Muna [*****.]
Gold: 620           SH: 11    Dex: 13    Spells: 12/33 levels left

rFire   + . .        a - +9 dagger "Dotral" {drain, SInv}
rCold   + . .        F - +0 buckler
rNeg    . . .        i - +0 acid dragon scales
rPois   .            G - +1 helmet
rElec   .            b - scarf {rC+ rF+}
rCorr   +            X - +0 pair of gloves
SInv    +            Y - +0 pair of boots
Will    +....        A - amulet of reflection
Stlth   ++++         J - +6 ring of intelligence
HPRegen 0.37/turn    K - ring of the Mackerel {Wiz Str+3}
MPRegen 0.21/turn

%: reflection, wizardry (x1)
@: lightly drained
A: fangs 1, strong nose, distributed training
a: Renounce Religion, Channel Magic, Forget Spell, Divine Exegesis


You were on level 5 of the Lair of Beasts.
You worshipped Sif Muna.
Sif Muna was extremely pleased with you.
You visited 3 branches of the dungeon, and saw 17 of its levels.
You also visited: Ossuary.

You collected 1418 gold pieces.
You spent 798 gold pieces at shops.

Inventory:

Hand Weapons
 a - the +9 dagger "Dotral" (weapon) {drain, SInv}
   (You bought it in a shop on level 1 of the Dungeon)

   SInv:      It lets you see invisible.
 c - the +7 spear "Lorim" {venom, +Blink rN+++ MP+9 Str-5}
   (You took it off a kobold demonologist on level 10 of the Dungeon)

   Str-5:     It affects your strength (-5).
   rN+++:     It renders you almost immune to negative energy.
   MP+9:      It affects your magic capacity (+9).
   +Blink:    It lets you blink.
 g - a +5 mace
   (You took it off a wight on level 8 of the Dungeon)
 r - a +0 scimitar of flaming
   (You took it off Erica on level 8 of the Dungeon)
 E - a +0 sling
   (You took it off a goblin on level 3 of the Dungeon)
Missiles
 h - 3 atropa-tipped darts
 w - 15 poisoned darts
 S - 11 boomerangs
 U - 3 curare-tipped darts {!f}
Armour
 b - a scarf of resistance (worn)
   (You bought it in a shop on level 1 of the Dungeon)
 i - +0 acid dragon scales (worn)
   (You found it on level 10 of the Dungeon)
 j - +0 steam dragon scales
   (You found it on level 6 of the Dungeon)
 l - a +0 cloak of willpower
   (You found it on level 1 of the Lair of Beasts)
 F - a +0 buckler (worn)
   (You bought it in a shop on level 1 of the Dungeon)
 G - a +1 helmet (worn)
   (You took it off Robin on level 3 of the Dungeon)
 I - +0 storm dragon scales
   (You found it on level 4 of the Dungeon)
 L - a +2 robe of resistance
   (You took it off Dowan on level 5 of the Dungeon)
 N - a +1 robe of willpower
   (You took it off a wight on level 8 of the Dungeon)
 X - a +0 pair of gloves (worn)
   (You bought it in a shop on level 1 of the Dungeon)
 Y - a +0 pair of boots (worn)
   (You bought it in a shop on level 1 of the Dungeon)
Jewellery
 k - a ring of positive energy
   (You found it on level 4 of the Dungeon)
 A - an amulet of reflection (around neck)
   (You found it on level 2 of the Lair of Beasts)
 J - a +6 ring of intelligence (left hand)
   (You found it on level 11 of the Dungeon)
 K - the ring of the Mackerel (right hand) {Wiz Str+3}
   (You found it on level 4 of the Dungeon)

   [ring of wizardry]

   Wiz:       It improves your spell success rate.
   Str+3:     It affects your strength (+3).
Wands
 q - a wand of mindburst (17)
   (You found it on level 6 of the Dungeon)
 t - a wand of flame (6) (quivered)
 u - a wand of paralysis (14)
   (You found it on level 5 of the Dungeon)
 v - a wand of digging (3)
   (You found it on level 10 of the Dungeon)
 x - a wand of acid (12)
   (You took it off Ijyb on level 5 of the Dungeon)
Scrolls
 o - a scroll of summoning
 p - a scroll of identify {@r1}
 s - a scroll of teleportation {@r4}
 y - 4 scrolls of vulnerability {!r}
 B - a scroll of fear
 D - 3 scrolls of revelation
 P - a scroll of immolation {!r}
 Q - a scroll of enchant weapon
 R - a scroll of blinking
 T - 2 scrolls of fog
 W - a scroll of poison {!r}
 Z - a scroll of brand weapon
Potions
 d - 3 potions of mutation {!q}
 e - a potion of heal wounds {@q2}
 f - 8 potions of curing {@q1}
 m - 3 potions of haste {@q3}
 n - 4 potions of might
 z - a potion of magic
 C - a potion of brilliance
 H - 2 potions of resistance
 M - 5 potions of lignification {!q}
 O - 6 potions of enlightenment
 V - a potion of ambrosia


   Skills:
 + Level 9.7 Fighting
 + Level 9.7 Short Blades
 + Level 9.7 Long Blades
 + Level 9.7 Axes
 + Level 9.7 Maces & Flails
 + Level 9.7 Polearms
 + Level 9.7 Staves
 + Level 9.7 Ranged Weapons
 + Level 9.7 Throwing
 + Level 9.7 Armour
 + Level 10.1 Dodging
 + Level 10.6 Stealth
 + Level 9.7 Shields
 + Level 9.7 Unarmed Combat
 + Level 10.1 Spellcasting
 + Level 8.1 Conjurations
 + Level 8.1 Hexes
 + Level 8.4 Summonings
 + Level 8.1 Necromancy
 + Level 8.1 Translocations
 + Level 10.8 Fire Magic
 + Level 8.1 Ice Magic
 + Level 8.1 Air Magic
 + Level 8.1 Earth Magic
 + Level 8.1 Alchemy
 + Level 10.5 Invocations
 + Level 10.1 Evocations
 + Level 8.9 Shapeshifting


You had 12 spell levels left.
You knew the following spells:

 Your Spells              Type           Power      Damage    Failure   Level
c - Mercury Vapours       Alch/Air       98%        N/A       1%          2
d - Call Canine Familiar  Summ           50%        N/A       1%          3
e - Ignite Poison         Fire/Alch      53%        N/A       1%          4
x - Iskenderun's Mystic   Conj/Tloc      49%        2d11      1%          4
y - Olgreb's Toxic Radia  Alch           49%        N/A       1%          4
z - Summon Lightning Spi  Summ/Air       49%        N/A       1%          4

Your spell library contained the following spells:

 Spells                   Type           Power      Damage    Failure   Level
 Foxfire                  Conj/Fire      100%       2x1d9     1%          1
 Slow                     Hex            100%       N/A       1%          1
 Sting                    Conj/Alch      100%       1d9       1%          1
 Summon Small Mammal      Summ           100%       N/A       1%          1
 Confusing Touch          Hex            49%        N/A       1%          3
 Fugue of the Fallen      Necr           49%        N/A       1%          3
 Hailstorm                Conj/Ice       49%        3d10      1%          3
 Inner Flame              Hex/Fire       53%        N/A       1%          3
 Ozocubu's Armour         Ice            49%        N/A       1%          3
 Sigil of Binding         Hex            49%        N/A       1%          3
 Stone Arrow              Conj/Erth      98%        3d13      1%          3
 Summon Guardian Golem    Hex/Summ       49%        N/A       1%          3
 Vampiric Draining        Necr           49%        2d9       1%          3
 Volatile Blastmotes      Fire/Tloc      100%       2d18      1%          3
 Animate Armour           Summ/Erth      98%        N/A       1%          4
 Fulminant Prism          Conj/Alch      24%        3d12      1%          4
 Manifold Assault         Tloc           49%        N/A       1%          4
 Sticky Flame             Fire/Alch      53%        2d9       1%          4
 Summon Ice Beast         Ice/Summ       49%        N/A       1%          4
 Irradiate                Conj/Alch      24%        3d19      3%          5
 Lee's Rapid Deconstruct  Erth           24%        3d13*     3%          5
 Simulacrum               Ice/Necr       24%        N/A       21%         6
 Ignition                 Fire           28%        3d9       94%         8
 Lehudib's Crystal Spear  Conj/Erth      24%        10d7      100%        8


Dungeon Overview and Level Annotations

Branches:
Dungeon (11/15)            Temple (1/1) D:7            Lair (5/5) D:11
  Swamp (0/4) Lair:2       Spider (0/4) Lair:3        Slime (0/5) Lair:5
    Orc (0/2) D:10        Ossuary (visited)

Altars:
Ashenzari
Cheibriados
Dithmenos
Elyvilon
Fedhas
Gozag
Hepliaklqana
Kikubaaqudgha
Makhleb
Nemelex Xobeh
Okawaru
Qazlal
Ru
Sif Muna
Trog
Uskayaw
Vehumet
Wu Jian
Xom
Yredelemnul
Zin
The Shining One
Jiyva

Shops:
D:1 [[(   D:3 (   D:6 ?   D:7 *   D:11 :

Portals:
Trove: D:11 (give 2 scrolls of acquirement)

Annotations:
D:9 exclusion: rust devil


Innate Abilities, Weirdness & Mutations

You have very sharp teeth.
Your uncanny sense of smell can sniff out nearby items.
Your experience applies equally to all skills.


Message History

The spectral dire elephant trunk-slaps you but does no damage.
An electric hum fills the air.
The spectral dire elephant tramples you!
* * * LOW HITPOINT WARNING * * *
You hold your ground!
The spectral dire elephant trunk-slaps you.
* * * LOW HITPOINT WARNING * * *
You feel drained.
The elephant zombie completely misses you.
The elephant zombie barely misses you.
You hit the elephant zombie but do no damage.
You hit the elephant zombie but do no damage.
The spectral dire elephant tramples you!!
* * * LOW HITPOINT WARNING * * *
You hold your ground!
You block the spectral dire elephant's attack.
You block the elephant zombie's attack. The elephant zombie misses you.
Your lightning spire shoots out a bolt of lightning at the spectral dire elephant!
The bolt of electricity hits the spectral dire elephant!
The bolt of electricity hits the elephant zombie!
The elephant zombie is destroyed!
Sif Muna accepts your kill.
The bolt of electricity hits the spectral dire elephant.
The bolt of electricity hits your lightning spire.
Your lightning spire completely resists.
You hit the spectral dire elephant. You hit the spectral dire elephant.
You bite the spectral dire elephant, but do no damage.
You block the spectral dire elephant's attack.
The spectral dire elephant trunk-slaps you but does no damage.
Your lightning spire shoots out a bolt of lightning at the spectral dire elephant!
The bolt of electricity hits the spectral dire elephant!
The bolt of electricity hits the spectral dire elephant.
The bolt of electricity hits your lightning spire.
Your lightning spire completely resists.
You catch the helpless spectral dire elephant completely off-guard!
You puncture the spectral dire elephant!
You hit the spectral dire elephant but do no damage.
The spectral dire elephant misses you.
You block the spectral dire elephant's attack.
You puncture the spectral dire elephant!
You hit the spectral dire elephant.
You bite the spectral dire elephant, but do no damage.
The spectral dire elephant tramples you!!
* * * LOW HITPOINT WARNING * * *
You hold your ground!
The spectral dire elephant misses you.
You hit the spectral dire elephant but do no damage.
You hit the spectral dire elephant but do no damage.
The spectral dire elephant tramples you!
You die...

#..## ∆
#♣..# #.## ∆
♣.# #.## ###
#..####P##
#.##.#...#
## #####
♣.##......
#...##8@.+
#♣.##.....#
#...8Z.###
#...##.....
#.(.'....#
#♣.#..##....
#P.#####.#
♣P...#####..
#.
#.##♣...##
##. #
#P(##...##
#.
##.##P...#
## #.###...#
# #..P#♣.##
#


You could see a spectral dire elephant (ally target) and a friendly lightning
spire (summoned).

Vanquished Creatures
  Josephine (Lair:3)
  A hydra (Lair:3)
  Erica (D:8)
  A catoblepas (Lair:4)
  2 two-headed ogres
  A death yak (Lair:3)
  A sixfirhy (D:9)
  Lodul (D:10)
  2 skysharks (Lair:3)
  2 spriggan druids (Lair:2)
  Pikel (D:6)
  2 cyclopes
  7 elephants
  5 black mambas
  3 torpor snails
  10 cane toads
  4 rime drakes
  15 komodo dragons
  A kobold demonologist (D:10)
  An ice devil (D:8)
  4 trolls
  A hellwing (D:8)
  3 polar bears
  2 hornets (Lair:2)
  7 blink frogs (Lair:4)
  6 dream sheep
  A jumping spider (Lair:3)
  A shadow (D:10)
  4 wyverns
  3 wraiths
  3 humans (D:10)
  2 basilisks
  50 yaks
  3 vampire mosquitoes
  A steam dragon (D:6)
  2 redbacks (Lair:3)
  5 water moccasins
  2 two-headed ogre zombies (D:10)
  An acid dragon (D:10)
  Duvessa (D:5)
  3 ice beasts
  5 orc warriors
  5 black bears
  A sky beast (D:7)
  10 ogres
  5 wolves
  2 centaurs
  A phantom (D:10)
  2 kobold brigands (D:8)
  2 elf zombies (Ossuary)
  9 bullfrogs
  2 gnoll sergeants
  2 scorpions
  A cane toad simulacrum (Lair:5)
  Dowan (D:5)
  3 wights
  2 troll zombies (D:10)
  An elephant simulacrum (Lair:5)
  2 electric eels (Lair:3)
  A lava snake (Lair:3)
  7 hounds
  2 human zombies (Ossuary)
  A jelly (D:6)
  3 orc priests
  A centaur zombie (Ossuary)
  A gnoll bouda (D:7)
  2 iguanas
  7 orc wizards
  Ijyb (D:5)
  4 ogre zombies (D:10)
  2 mummies (Ossuary)
  Robin (D:3)
  7 adders
  18 gnolls
  A shadow imp (D:5)
  3 bombardier beetles
  4 white imps
  2 ufetubi (D:6)
  An adder zombie (Ossuary)
  2 worms (D:2)
  3 dart slugs
  33 orcs
  8 ball pythons
  6 endoplasms
  5 giant cockroaches
  4 gnoll zombies (D:10)
  15 goblins
  11 hobgoblins
  5 jackals (D:4)
  2 quokkas
  4 bats
  7 frilled lizards
  2 gnoll skeletons (D:10)
  2 goblin zombies (Ossuary)
  10 hobgoblin zombies (Ossuary)
  2 jackal zombies (Ossuary)
  9 kobolds
  10 kobold zombies (Ossuary)
  3 orc skeletons (D:10)
  23 orc zombies
  4 rats
462 creatures vanquished.

Vanquished Creatures (collateral kills)
  2 hydras
  2 death yaks (Lair:5)
  3 oklob plants
  2 black mambas
  A smoke demon (D:9)
  2 cane toads
  3 komodo dragons
  A rime drake (Lair:5)
  A troll (D:11)
  A polar bear (Lair:4)
  2 blink frogs
  4 yaks
  3 wraiths
  A basilisk (Lair:3)
  A vampire mosquito (D:11)
  A spectral cane toad (Lair:5)
  An acid dragon (D:11)
  A black bear (Lair:1)
  An elephant zombie (Lair:5)
  A wolf (Lair:3)
  An elephant skeleton (Lair:5)
  A scorpion (D:6)
  A wight (D:8)
  An elephant simulacrum (Lair:5)
  3 lava snakes (Lair:3)
  A gnoll (D:1)
  A dart slug (D:2)
  3 orcs
  2 ball pythons
  A giant cockroach (D:2)
49 creatures vanquished.

Vanquished Creatures (others)
  76 foxfires
76 creatures vanquished.

Grand Total: 587 creatures vanquished

Notes
Turn   | Place    | Note
-------+----------+-------------------------------------------
     0 | D:1      | James the Gnoll Wanderer began the quest for the Orb.
     0 | D:1      | James set off with the following items: a +0 dagger, a
                  | scroll of fear, a +0 robe, a wand of flame (6); and the
                  | following spells available to memorise: Foxfire, Summon
                  | Small Mammal, Call Canine Familiar, Ignite Poison, Sticky
                  | Flame.
     0 | D:1      | Reached XP level 1. HP: 13/13 MP: 4/4
     2 | D:1      | Learned a level 1 spell: Foxfire
     4 | D:1      | Learned a level 1 spell: Summon Small Mammal
    42 | D:1      | Found Jamiats's Antique Weapon Emporium.
   200 | D:1      | Found Hycehei's Armour Emporium.
   203 | D:1      | Reached XP level 2. HP: 19/19 MP: 3/5
   587 | D:1      | Found Oqiw's Armour Emporium.
   719 | D:1      | Reached XP level 3. HP: 9/25 MP: 5/7
  1221 | D:2      | Reached skill level 1 in Invocations
  1499 | D:1      | Reached skill level 1 in Fighting
  1499 | D:1      | Reached skill level 1 in Short Blades
  1499 | D:1      | Reached skill level 1 in Long Blades
  1499 | D:1      | Reached skill level 1 in Axes
  1499 | D:1      | Reached skill level 1 in Maces & Flails
  1499 | D:1      | Reached skill level 1 in Polearms
  1499 | D:1      | Reached skill level 1 in Staves
  1499 | D:1      | Reached skill level 1 in Ranged Weapons
  1499 | D:1      | Reached skill level 1 in Throwing
  1499 | D:1      | Reached skill level 1 in Armour
  1499 | D:1      | Reached skill level 1 in Shields
  1499 | D:1      | Reached skill level 1 in Unarmed Combat
  1671 | D:2      | Reached skill level 1 in Shapeshifting
  1671 | D:2      | Reached XP level 4. HP: 32/32 MP: 8/8
  1908 | D:2      | Reached skill level 1 in Conjurations
  1908 | D:2      | Reached skill level 1 in Hexes
  1908 | D:2      | Reached skill level 1 in Necromancy
  1908 | D:2      | Reached skill level 1 in Translocations
  1908 | D:2      | Reached skill level 1 in Ice Magic
  1908 | D:2      | Reached skill level 1 in Air Magic
  1908 | D:2      | Reached skill level 1 in Earth Magic
  1908 | D:2      | Reached skill level 1 in Alchemy
  2216 | D:2      | Learned a level 2 spell: Mercury Vapours
  2851 | D:2      | Reached XP level 5. HP: 35/37 MP: 6/9
  3009 | D:3      | Found Eqawerud's Weapon Emporium.
  3132 | D:3      | Found a broken altar of Ashenzari.
  3132 | D:3      | Found a white marble altar of Elyvilon.
  3140 | D:3      | Found a shadowy altar of Dithmenos.
  3142 | D:3      | Found a bloodstained altar of Trog.
  3144 | D:3      | Found a hazy altar of Hepliaklqana.
  3488 | D:3      | Noticed Robin
  4216 | D:3      | Found a shadowy altar of Dithmenos.
  4218 | D:3      | Found a broken altar of Ashenzari.
  4220 | D:3      | Found a hazy altar of Hepliaklqana.
  4241 | D:3      | Found Eqawerud's Weapon Emporium.
  4288 | D:3      | Found a white marble altar of Elyvilon.
  4292 | D:3      | Found a bloodstained altar of Trog.
  4416 | D:3      | Killed Robin
  5218 | D:4      | Reached XP level 6. HP: 40/44 MP: 7/11
  5350 | D:1      | Bought a bloodstained dagger for 168 gold pieces
  5350 | D:1      | Identified the +9 dagger "Dotral" {drain, SInv} (You bought
                  | it in a shop on level 1 of the Dungeon)
  5926 | D:4      | Learned a level 3 spell: Call Canine Familiar
  5945 | D:4      | Reached XP level 7. HP: 43/51 MP: 12/12
  6211 | D:4      | Identified the ring of the Mackerel {Wiz Str+3}
  6230 | D:5      | Entered Level 5 of the Dungeon
  6412 | D:5      | Found a sand-covered staircase.
  6413 | D:5      | Noticed Duvessa
  6420 | Ossuary  | Entered an ossuary
  6697 | Ossuary  | Reached skill level 5 in Stealth
  6928 | D:5      | Noticed Dowan
  6933 | D:5      | Killed Duvessa
  6934 | D:5      | Reached XP level 8. HP: 31/58 MP: 10/14
  6939 | D:5      | Killed Dowan
  7886 | D:5      | Noticed Ijyb
  7894 | D:5      | Killed Ijyb
  8453 | D:1      | Bought a +0 pair of gloves for 54 gold pieces
  8453 | D:1      | Bought a +0 pair of boots for 54 gold pieces
  8468 | D:1      | Learned a level 4 spell: Ignite Poison
  8569 | D:5      | Reached XP level 9. HP: 32/65 MP: 13/16
  8723 | D:6      | Found Ekkeck's Magic Scroll Emporium.
  8760 | D:5      | Reached skill level 5 in Spellcasting
  9025 | D:6      | Reached skill level 5 in Dodging
  9025 | D:6      | Reached skill level 5 in Evocations
  9250 | D:6      | Noticed Pikel
  9621 | D:6      | Killed Pikel
  9622 | D:6      | Reached skill level 5 in Invocations
  9994 | D:6      | Found Ekkeck's Magic Scroll Emporium.
 10387 | D:7      | Found a blossoming altar of Fedhas.
 10721 | D:7      | Found a staircase to the Ecumenical Temple.
 10734 | Temple   | Entered the Ecumenical Temple
 10742 | Temple   | Became a worshipper of Sif Muna the Loreminder
 10790 | D:7      | You fall into a shaft and drop 1 floor!
 10875 | D:8      | Learned a level 4 spell: Olgreb's Toxic Radiance
 11454 | D:7      | Reached skill level 5 in Fighting
 11454 | D:7      | Reached skill level 5 in Short Blades
 11454 | D:7      | Reached skill level 5 in Long Blades
 11454 | D:7      | Reached skill level 5 in Axes
 11454 | D:7      | Reached skill level 5 in Maces & Flails
 11454 | D:7      | Reached skill level 5 in Polearms
 11454 | D:7      | Reached skill level 5 in Staves
 11454 | D:7      | Reached skill level 5 in Ranged Weapons
 11454 | D:7      | Reached skill level 5 in Throwing
 11454 | D:7      | Reached skill level 5 in Armour
 11454 | D:7      | Reached skill level 5 in Shields
 11454 | D:7      | Reached skill level 5 in Unarmed Combat
 11454 | D:7      | Reached XP level 10. HP: 74/74 MP: 8/18
 11524 | D:7      | Found Nobbaadi's General Store.
 12155 | D:8      | Noticed a cyclops
 12182 | D:8      | Killed a cyclops
 12300 | D:8      | Reached skill level 5 in Summonings
 12424 | D:8      | Noticed Erica
 12933 | D:9      | Noticed a sixfirhy
 12945 | D:9      | Killed a sixfirhy
 12946 | D:9      | Reached skill level 5 in Shapeshifting
 13068 | D:9      | Noticed a soul eater
 13288 | D:9      | Noticed a rust devil
 13359 | D:8      | HP: 3/75 [ice devil (7)]
 13567 | D:6      | Bought a scroll of identify for 28 gold pieces
 13567 | D:6      | Bought a scroll of identify for 28 gold pieces
 13567 | D:6      | Bought a scroll of identify for 28 gold pieces
 13699 | D:10     | Entered Level 10 of the Dungeon
 13780 | D:10     | Noticed a two-headed ogre
 13937 | D:10     | Reached * piety under Sif Muna
 13958 | D:10     | Found a staircase to the Orcish Mines.
 13977 | D:10     | Noticed a kobold demonologist
 13988 | D:10     | Noticed a rust devil
 13999 | D:10     | Reached skill level 5 in Conjurations
 13999 | D:10     | Reached skill level 5 in Hexes
 13999 | D:10     | Reached skill level 5 in Necromancy
 13999 | D:10     | Reached skill level 5 in Translocations
 13999 | D:10     | Reached skill level 5 in Ice Magic
 13999 | D:10     | Reached skill level 5 in Air Magic
 13999 | D:10     | Reached skill level 5 in Earth Magic
 13999 | D:10     | Reached skill level 5 in Alchemy
 13999 | D:10     | Reached XP level 11. HP: 41/81 MP: 11/21
 14677 | D:10     | Killed a two-headed ogre
 14864 | D:10     | Reached ** piety under Sif Muna
 15246 | D:10     | Found a snail-covered altar of Cheibriados.
 15320 | D:10     | Noticed Lodul
 15325 | D:10     | Identified the +7 spear "Lorim" {venom, +Blink rN+++ MP+9
                  | Str-5}
 15330 | D:10     | Killed Lodul
 15539 | D:10     | Found an iron altar of Okawaru.
 15863 | D:10     | Found a staircase to the Orcish Mines.
 15965 | D:10     | Found a snail-covered altar of Cheibriados.
 16082 | D:10     | Found an iron altar of Okawaru.
 16279 | D:11     | Noticed a two-headed ogre
 16286 | D:11     | Killed a two-headed ogre
 16515 | D:11     | Found Xoankixa's Book Shop.
 16550 | D:11     | Noticed a cyclops
 16608 | D:11     | Found a staircase to the Lair.
 17138 | D:11     | Found a portal to a secret trove of treasure.
 17173 | D:11     | Reached *** piety under Sif Muna
 17202 | D:11     | Killed a cyclops
 17678 | D:8      | Killed Erica
 17679 | D:8      | Reached XP level 12. HP: 91/91 MP: 11/23
 17887 | D:1      | Bought a +0 buckler for 54 gold pieces
 17894 | D:1      | Bought a scarf of resistance for 384 gold pieces
 18036 | D:9      | Noticed a soul eater
 18627 | Lair:1   | Entered Level 1 of the Lair of Beasts
 19851 | Lair:1   | Learned a level 4 spell: Iskenderun's Mystic Blast
 20083 | Lair:2   | Reached **** piety under Sif Muna
 20469 | Lair:2   | Reached XP level 13. HP: 90/98 MP: 6/25
 20698 | Lair:2   | Found a staircase to the Swamp.
 20908 | Lair:3   | Reached skill level 10 in Fire Magic
 21014 | Lair:2   | Learned a level 4 spell: Summon Lightning Spire
 22283 | Lair:3   | Noticed Josephine
 22291 | Lair:3   | Killed Josephine
 22641 | Lair:3   | Found a hole to the Spider Nest.
 22937 | Lair:3   | Reached skill level 10 in Stealth
 23558 | Lair:4   | Reached XP level 14. HP: 89/108 MP: 19/27
 23567 | Lair:4   | Reached skill level 10 in Invocations
 23731 | Lair:4   | Reached ***** piety under Sif Muna
 24807 | Lair:5   | Entered Level 5 of the Lair of Beasts
 25334 | Lair:5   | Reached skill level 10 in Spellcasting
 25436 | Lair:5   | Found a staircase to the Slime Pits.
 25437 | Lair:5   | Found a viscous altar of Jiyva.
 25475 | Lair:5   | Reached skill level 10 in Dodging
 25475 | Lair:5   | Reached skill level 10 in Evocations
 26118 | Lair:5   | Noticed a dire elephant
 26119 | Lair:5   | Noticed a dire elephant
 26394 | Lair:5   | Slain by a spectral dire elephant

Illustrated notes

Levels and vault maps discovered:
D:1:      nzn_arrival_crosshair, layout_basic, serial_shops, shop, shop, shop,
          serial_park_tiny_2, serial_bayou_lagoon_b
D:2:      layout_basic
D:3:      layout_basic, grunt_temple_overflow_open, serial_shops, shop,
          uniq_robin
D:4:      layout_cave_pools
D:5:      layout_loops_corners, lightli_ossuary_entry_decrepit_ruins,
          uniq_duvessa, uniq_ijyb
D:6:      layout_cave_pools, serial_shops, shop, uniq_pikel
D:7:      layout_cave_pods, overflow_temple_1_default,
          minmay_temple_entry_water_ring, serial_shops, nicolae_shop_stone,
          chequers_serial_rivers_micro_a
D:8:      layout_basic, nrook_loot_triangle, amcnicky_mini_pool_medium,
          uniq_erica
D:9:      minmay_klotski, layout_basic, serial_demonic, serial_demonic_d,
          serial_demonic_a, serial_demonic_c, serial_demonic_b,
          serial_demonic_g, serial_demonic_c, serial_demonic_d,
          serial_demonic_g, kennysheep_generic_room_9
D:10:     layout_roguey, kennysheep_little_box, okawaru_trees_2,
          zombieorc2_lemuel, minmay_ruffians, uniq_lodul
D:11:     layout_rooms, lair_entry_dummy, enter_trove_1, serial_shops,
          nicolae_book_shop_shelving
Temple:   nicolae_temple_two_arcs
Lair:1:   layout_regular_city
Lair:2:   layout_big_grid, mainiacjoe_swamp_entry_angry_trees,
          grunt_megastairs_1
Lair:3:   nzn_winding_woodlands_medium [nzn_winding_woodlands_5x5_checkerboard,
          nzn_winding_woodlands_5x15_sidewinder,
          nzn_winding_woodlands_5x5_cross, nzn_winding_woodlands_hourglass,
          nzn_winding_woodlands_center_lodge, nzn_winding_woodlands_5x5_three,
          nzn_winding_woodlands_5x5_perimeter, nzn_winding_woodlands_5x15_cabin,
          nzn_winding_woodlands_5x5_open_star], layout_cave_pods,
          spider_nest_entry_a, nicolae_lair_liquid_snakes,
          infiniplex_staircase_pool, uniq_josephine
Lair:4:   layout_cave_pods, small_statue_intersection
Lair:5:   due_jungle_book, layout_misc_corridors, slime_entry_1,
          grunt_megastairs_3, lemuel_fruit_tree

Skill      XL: |  1  2  3  4  5  6  7  8  9 10 11 12 13 14 |
---------------+-------------------------------------------+-----
Summonings     | 2 3 4 5 6 7 8 |  8.4
Invocations    | 1 2 3 4 5 6 7 8 9 10 | 10.5
Fighting       | 1 2 3 5 6 7 8 9 |  9.7
Short Blades   | 1 2 3 5 6 7 8 9 |  9.7
Long Blades    | 1 2 3 5 6 7 8 9 |  9.7
Axes           | 1 2 3 5 6 7 8 9 |  9.7
Maces & Flails | 1 2 3 5 6 7 8 9 |  9.7
Polearms       | 1 2 3 5 6 7 8 9 |  9.7
Staves         | 1 2 3 5 6 7 8 9 |  9.7
Ranged Weapons | 1 2 3 5 6 7 8 9 |  9.7
Throwing       | 1 2 3 5 6 7 8 9 |  9.7
Armour         | 1 2 3 5 6 7 8 9 |  9.7
Shields        | 1 2 3 5 6 7 8 9 |  9.7
Unarmed Combat | 1 2 3 5 6 7 8 9 |  9.7
Shapeshifting  | 1 2 3 4 5 6 7 8 |  8.9
Spellcasting   | 3 4 5 6 7 8 9 10 | 10.1
Conjurations   | 1 2 3 4 5 6 7 8 |  8.1
Hexes          | 1 2 3 4 5 6 7 8 |  8.1
Necromancy     | 1 2 3 4 5 6 7 8 |  8.1
Translocations | 1 2 3 4 5 6 7 8 |  8.1
Ice Magic      | 1 2 3 4 5 6 7 8 |  8.1
Air Magic      | 1 2 3 4 5 6 7 8 |  8.1
Earth Magic    | 1 2 3 4 5 6 7 8 |  8.1
Alchemy        | 1 2 3 4 5 6 7 8 |  8.1
Dodging        | 3 4 5 6 7 8 9 10 | 10.1
Evocations     | 3 4 5 6 7 8 9 10 | 10.1
Stealth        | 5 6 7 8 9 10 | 10.6
Fire Magic     | 8 9 10 | 10.8

Action                     |  1- 3 |  4- 6 |  7- 9 | 10-12 | 13-15 || total
---------------------------+-------+-------+-------+-------+-------++-------
  Melee: Dagger            |    45 |   181 |   353 |   509 |   345 ||  1433
         Short sword       |    46 |       |       |       |       ||    46
         Bite              |    11 |    13 |    47 |    80 |    50 ||   201
         Punch             |     1 |     6 |     8 |    20 |       ||    35
         Quarterstaff      |       |       |       |     5 |       ||     5
   Cast: Foxfire           |    12 |    19 |     9 |     4 |       ||    44
         Summon Small Mamm |    19 |    28 |       |     1 |       ||    48
         Call Canine Famil |       |       |     9 |    19 |     7 ||    35
         Ignite Poison     |       |       |     9 |    34 |    21 ||    64
         Mercury Vapours   |       |       |     8 |    30 |     6 ||    44
         Olgreb's Toxic Ra |       |       |     1 |    15 |    20 ||    36
         Iskenderun's Myst |       |       |       |     5 |       ||     5
         Summon Lightning  |       |       |       |       |    40 ||    40
  Evoke: Wand              |       |       |       |     1 |       ||     1
    Use: Scroll            |     1 |     8 |    11 |     9 |     5 ||    34
         Potion            |       |       |       |     6 |       ||     6
   Stab: Sleeping          |     3 |     6 |    12 |    10 |     7 ||    38
         Distracted        |     1 |     1 |       |     3 |     7 ||    12
 Armour: Robe              |    41 |    86 |   155 |   257 |       ||   539
         Acid dragon scale |       |       |       |    56 |   156 ||   212
  Dodge: Dodged            |    46 |    98 |   196 |   342 |   138 ||   820
  Block: Buckler           |       |       |       |    36 |   154 ||   190
         Reflection        |       |       |       |     1 |     2 ||     3

Table legend: (Time is in decaauts)
 A = Elapsed time spent in this place.
 B = Non-inter-level travel time spent in this place.
 C = Inter-level travel time spent in this place.
 D = Time resting spent in this place.
 E = Time spent auto-exploring this place.
 F = Levels seen in this place.
 G = Mean time per level.
                   A        B        C        D        E       F      G
               +--------+--------+--------+--------+--------+-----+--------+
         Total |  26118 |  23852 |   2266 |   5269 |  10857 |  18 | 1451.0 |
       Dungeon |  18112 |  16120 |   1992 |   3405 |   7624 |  11 | 1646.5 |
        Temple |     16 |      9 |      7 |      0 |      0 |   1 |   16.0 |
          Lair |   7500 |   7234 |    266 |   1741 |   3183 |   5 | 1500.0 |
       Ossuary |    488 |    488 |      0 |    123 |     49 |   1 |  488.0 |
               +--------+--------+--------+--------+--------+-----+--------+

Top non-repeatable levels by time:
    D:10: 2805 daAuts
     D:3: 2479 daAuts
  Lair:3: 2246 daAuts
     D:8: 2146 daAuts
     D:5: 2080 daAuts
  Lair:4: 1728 daAuts
     D:2: 1585 daAuts
     D:1: 1536 daAuts
     D:6: 1369 daAuts
  Lair:1: 1335 daAuts
     D:7: 1199 daAuts
  Lair:5: 1184 daAuts
     D:9: 1016 daAuts
  Lair:2: 1006 daAuts
     D:4: 983 daAuts
